TOP OF THE 1ST |
Chester Pirates batting - Pitching for York Revolution : RHP Joe Morse
|
Pitching: RHP Joe Morse
|
|
Batting: RHB Mike Weeks
|
0-0: Called Strike 0-1: Called Strike 0-2: Strikes out looking
|
Batting: RHB Edwardo Tanchez
|
0-0: Ball 1-0: Ball 2-0: SOLO HOME RUN (Flyball, 8RXD, EV 116.9 MPH), Distance : 477 ft
|
Batting: RHB Zach Chmieleski
|
0-0: Foul Ball, location: 2F 0-1: Ball 1-1: Foul Ball, location: 2F 1-2: Ball 2-2: Foul Ball, location: 2F 2-2: SINGLE (Line Drive, 34, EV 105.6 MPH)
|
Batting: SHB Mike Corley
|
0-0: Foul Ball, location: 2F 0-1: Called Strike 0-2: Strikes out looking
|
Batting: RHB Jason Rhodes
|
0-0: Foul Ball, location: 2F 0-1: Ball 1-1: Ball 2-1: Ball 3-1: Foul Ball, location: 2F 3-2: Strikes out looking
|
Top of the 1st over - 1 run, 2 hits, 0 errors, 1 left on base; Chester 1 - York 0 |
BOTTOM OF THE 1ST |
York Revolution batting - Pitching for Chester Pirates : RHP Mike Wilkinson
|
Pitching: RHP Mike Wilkinson
|
|
Batting: LHB Ryan Young
|
0-0: Ball 1-0: Called Strike 1-1: Ball 2-1: Ball 3-1: SOLO HOME RUN (Flyball, 9D, EV 101.2 MPH), Distance : 397 ft
|
Batting: LHB Jason Duda
|
0-0: Called Strike 0-1: Ball 1-1: Ball 2-1: Foul Ball, location: 2F 2-2: Fly out, F8 (Flyball, 8RXD, EV 105.0 MPH)
|
Batting: LHB Mike Hawk
|
0-0: Ground out 5-3 (Groundball, 56, EV 99.4 MPH)
|
Batting: LHB Jean-Claude Vanbiesbrouck
|
0-0: Called Strike 0-1: Foul Ball, location: 2F 0-2: Strikes out swinging
|
Bottom of the 1st over - 1 run, 1 hit, 0 errors, 0 left on base; Chester 1 - York 1 |
TOP OF THE 2ND |
Chester Pirates batting - Pitching for York Revolution : RHP Joe Morse
|
Batting: RHB Hugo Montemayor
|
0-0: Ball 1-0: Called Strike 1-1: Foul Ball, location: 2F 1-2: Foul Ball, location: 2F 1-2: DOUBLE (Line Drive, 8RXD, EV 102.5 MPH)
|
Batting: LHB Tommie Benefield
|
0-0: SINGLE (Groundball, 56D, EV 95.0 MPH) Hugo Montemayor to third
|
Batting: RHB Joe Stepnowski
|
0-0: Called Strike Tommie Benefield is caught stealing 2nd base 2-4 0-1: Ball 1-1: Swinging Strike 1-2: Fly out, F8 (Flyball, 8RS, EV 75.6 MPH)
|
Batting: RHB Zachery Loomis
|
0-0: Ball 1-0: Ball 2-0: Foul Ball, location: 2F 2-1: Ball 3-1: SINGLE (Groundball, 4, EV 98.1 MPH) Hugo Montemayor scores
|
Batting: RHB Mike Weeks
|
0-0: Called Strike 0-1: Ball 1-1: Foul Ball, location: 2F 1-2: Ball 2-2: Ball 3-2: Foul Ball, location: 2F 3-2: Base on Balls Zachery Loomis to second
|
Batting: RHB Edwardo Tanchez
|
0-0: Foul Ball, location: 2F 0-1: Ball 1-1: Ball 2-1: Foul Ball, location: 2F 2-2: Ball Wild Pitch! Zachery Loomis to third Mike Weeks to second 3-2: Foul Ball, location: 2F 3-2: Ground out 5-3 (Groundball, 56S, EV 63.1 MPH)
|
Top of the 2nd over - 1 run, 3 hits, 0 errors, 2 left on base; Chester 2 - York 1 |
BOTTOM OF THE 2ND |
York Revolution batting - Pitching for Chester Pirates : RHP Mike Wilkinson
|
Batting: RHB Juan Gonzalez
|
0-0: Fly out, F3 (Popup, 3SF, EV 87.5 MPH)
|
Batting: RHB Nick Maxwell
|
0-0: Ball 1-0: Ball 2-0: Ball 3-0: Base on Balls
|
Batting: RHB Dan Shaffer
|
0-0: Called Strike 0-1: Ball 1-1: Called Strike 1-2: Ball 2-2: Ball 3-2: Foul Ball, location: 2F 3-2: Fly out, F7 (Flyball, 78M, EV 92.5 MPH)
|
Batting: LHB Quincy Smart
|
0-0: Called Strike 0-1: Ball 1-1: Fly out, F9 (Line Drive, 89M, EV 103.1 MPH)
|
Bottom of the 2nd over - 0 runs, 0 hits, 0 errors, 1 left on base; Chester 2 - York 1 |
TOP OF THE 3RD |
Chester Pirates batting - Pitching for York Revolution : RHP Joe Morse
|
Batting: RHB Zach Chmieleski
|
0-0: Foul Ball, location: 2F 0-1: Ball 1-1: Foul Ball, location: 2F 1-2: Ball 2-2: Ball 3-2: Hit by Pitch
|
Batting: SHB Mike Corley
|
0-0: Called Strike 0-1: Foul Ball, location: 2F 0-2: SINGLE (Groundball, 25, EV 65.0 MPH) (infield hit) Zach Chmieleski to second
|
Batting: RHB Jason Rhodes
|
0-0: Fly out, F8 (Line Drive, 8RM, EV 90.6 MPH)
|
Batting: RHB Hugo Montemayor
|
0-0: Ball 1-0: SINGLE (Groundball, 4S, EV 75.6 MPH) (infield hit) Zach Chmieleski to third Mike Corley to second
|
Batting: LHB Tommie Benefield
|
0-0: SINGLE (Flyball, 5D, EV 91.2 MPH) Zach Chmieleski scores Mike Corley to third Hugo Montemayor to second
|
Batting: RHB Joe Stepnowski
|
0-0: Ball 1-0: Ball 2-0: Foul Ball, location: 2F 2-1: Ball 3-1: Swinging Strike 3-2: Foul Ball, location: 2F 3-2: Foul Ball, location: 2F 3-2: Grounds into double play, 5-4-3 (Groundball, 56, EV 82.5 MPH)
|
Top of the 3rd over - 1 run, 3 hits, 0 errors, 2 left on base; Chester 3 - York 1 |
BOTTOM OF THE 3RD |
York Revolution batting - Pitching for Chester Pirates : RHP Mike Wilkinson
|
Batting: RHB Jose Hurtado
|
0-0: Swinging Strike 0-1: Ball 1-1: Ground out 6-3 (Groundball, 6, EV 104.4 MPH)
|
Batting: LHB Ryan Young
|
0-0: Called Strike 0-1: Ball 1-1: Swinging Strike 1-2: Strikes out swinging
|
Batting: LHB Jason Duda
|
0-0: Foul Ball, location: 2F 0-1: Ball 1-1: Ball 2-1: Ball 3-1: Base on Balls
|
Batting: LHB Mike Hawk
|
0-0: Called Strike 0-1: Ground out 5-3 (Groundball, 56S, EV 81.9 MPH)
|
Bottom of the 3rd over - 0 runs, 0 hits, 0 errors, 1 left on base; Chester 3 - York 1 |
TOP OF THE 4TH |
Chester Pirates batting - Pitching for York Revolution : RHP Joe Morse
|
Batting: RHB Zachery Loomis
|
0-0: Called Strike 0-1: Ball 1-1: Ball 2-1: Ball 3-1: Called Strike 3-2: Strikes out swinging
|
Batting: RHB Mike Weeks
|
0-0: Ball 1-0: Ball 2-0: Ball 3-0: Called Strike 3-1: Foul Ball, location: 2F 3-2: SOLO HOME RUN (Flyball, 7D, EV 106.2 MPH), Distance : 416 ft
|
Pitching: RHP Elijah McKay
|
|
Batting: RHB Edwardo Tanchez
|
0-0: Ball 1-0: Swinging Strike 1-1: Swinging Strike 1-2: Ball 2-2: Strikes out looking
|
Batting: RHB Zach Chmieleski
|
0-0: Called Strike 0-1: Foul Ball, location: 2F 0-2: Ball 1-2: Ball 2-2: DOUBLE (Flyball, 8RXD, EV 103.1 MPH)
|
Batting: SHB Mike Corley
|
0-0: Swinging Strike 0-1: Swinging Strike 0-2: Ball 1-2: Strikes out swinging
|
Top of the 4th over - 1 run, 2 hits, 0 errors, 1 left on base; Chester 4 - York 1 |
BOTTOM OF THE 4TH |
York Revolution batting - Pitching for Chester Pirates : RHP Mike Wilkinson
|
Batting: LHB Jean-Claude Vanbiesbrouck
|
0-0: Foul Ball, location: 2F 0-1: Called Strike 0-2: Ball 1-2: SOLO HOME RUN (Flyball, 9D, EV 96.9 MPH), Distance : 393 ft
|
Batting: RHB Juan Gonzalez
|
0-0: Ball 1-0: Swinging Strike 1-1: Ball 2-1: Foul Ball, location: 2F 2-2: Ball 3-2: Foul Ball, location: 2F 3-2: Foul Ball, location: 2F 3-2: Strikes out swinging
|
Batting: RHB Nick Maxwell
|
0-0: Called Strike 0-1: Ball 1-1: SOLO HOME RUN (Flyball, 7D, EV 106.2 MPH), Distance : 385 ft
|
Batting: RHB Dan Shaffer
|
0-0: SINGLE (Groundball, 6MD, EV 100.6 MPH)
|
Batting: LHB Quincy Smart
|
0-0: Called Strike 0-1: Foul Ball, location: 2F 0-2: Ball 1-2: Fly out, F6 (Flyball, 56D, EV 84.4 MPH)
|
Batting: RHB Jose Hurtado
|
0-0: Hit by Pitch Dan Shaffer to second
|
Batting: LHB Ryan Young
|
0-0: Foul Ball, location: 2LF, Error on foul ball, E2 Balk! Dan Shaffer to third Jose Hurtado to second 0-1: Ball 1-1: Ball 2-1: Ball 3-1: Called Strike 3-2: Base on Balls
|
Batting: LHB Jason Duda
|
0-0: Foul Ball, location: 2F 0-1: Ball 1-1: Foul Ball, location: 2F 1-2: Fly out, F6 (Flyball, 56D, EV 84.4 MPH)
|
Bottom of the 4th over - 2 runs, 3 hits, 1 error, 3 left on base; Chester 4 - York 3 |
TOP OF THE 5TH |
Chester Pirates batting - Pitching for York Revolution : RHP Elijah McKay
|
Batting: RHB Jason Rhodes
|
0-0: Called Strike 0-1: Ball 1-1: Ball 2-1: Ball 3-1: Base on Balls
|
Batting: RHB Hugo Montemayor
|
0-0: Ball 1-0: Ball 2-0: Called Strike 2-1: DOUBLE (Line Drive, 89D, EV 89.4 MPH) Jason Rhodes to third
|
Batting: LHB Tommie Benefield
|
0-0: Ball 1-0: Called Strike 1-1: Swinging Strike 1-2: Ball 2-2: Strikes out swinging
|
Batting: RHB Joe Stepnowski
|
0-0: Ball 1-0: Ball 2-0: Called Strike 2-1: Swinging Strike 2-2: Ball 3-2: Foul Ball, location: 2F 3-2: Base on Balls
|
Batting: RHB Zachery Loomis
|
0-0: Called Strike 0-1: Foul Ball, location: 2F 0-2: Ball 1-2: Foul Ball, location: 2F 1-2: Ball 2-2: Reached on error, E6 (Groundball, 6, EV 93.8 MPH) Jason Rhodes scores Hugo Montemayor to third Joe Stepnowski to second
|
Batting: RHB Mike Weeks
|
0-0: Ball Balk! Hugo Montemayor scores Joe Stepnowski to third Zachery Loomis to second 1-0: Called Strike 1-1: Ball 2-1: Swinging Strike 2-2: Ball 3-2: Base on Balls
|
Pitching: RHP Takuzo Sato
|
|
Batting: RHB Edwardo Tanchez
|
0-0: Called Strike 0-1: Ball 1-1: Ball 2-1: Ball 3-1: Foul Ball, location: 2F 3-2: Base on Balls Joe Stepnowski scores Zachery Loomis to third Mike Weeks to second
|
Batting: RHB Zach Chmieleski
|
0-0: Ball 1-0: Ball 2-0: Ball 3-0: Called Strike 3-1: Foul Ball, location: 2F 3-2: Foul Ball, location: 2F 3-2: Foul Ball, location: 2F 3-2: GRAND SLAM HOME RUN (Flyball, 78XD, EV 103.8 MPH), Distance : 405 ft
|
Batting: SHB Mike Corley
|
0-0: Ball 1-0: Foul Ball, location: 2F 1-1: Ball 2-1: Ball 3-1: Called Strike 3-2: Base on Balls
|
Batting: RHB Jason Rhodes
|
0-0: Called Strike 0-1: Ball 1-1: Foul Ball, location: 2F 1-2: Ball 2-2: Ball 3-2: Strikes out swinging Mike Corley steals 2nd, throwing error, E2 Mike Corley to third
|
Batting: RHB Hugo Montemayor
|
0-0: Called Strike 0-1: Ball 1-1: Called Strike 1-2: Ball 2-2: Foul Ball, location: 2F 2-2: Reached on error, E4 (Groundball, 4, EV 82.5 MPH) Mike Corley scores
|
Batting: LHB Tommie Benefield
|
0-0: Swinging Strike 0-1: DOUBLE (Flyball, 9LD, EV 94.4 MPH) Hugo Montemayor scores
|
Pitching: RHP Robert Chauvel
|
|
Batting: RHB Joe Stepnowski
|
0-0: Swinging Strike 0-1: Ball 1-1: Ball 2-1: Ball 3-1: Base on Balls
|
Batting: RHB Zachery Loomis
|
0-0: Swinging Strike 0-1: Foul Ball, location: 2F 0-2: Ball 1-2: SINGLE (Groundball, 6MD, EV 103.1 MPH) Tommie Benefield to third Joe Stepnowski to second Runner from 3rd tries for Home, SAFE, throw by CF to home
|
Batting: RHB Mike Weeks
|
0-0: Foul Ball, location: 2F 0-1: Fielders Choice at 2nd, 5-4 (Groundball, 56, EV 88.1 MPH)
|
Top of the 5th over - 10 runs, 4 hits, 3 errors, 2 left on base; Chester 14 - York 3 |
BOTTOM OF THE 5TH |
York Revolution batting - Pitching for Chester Pirates : RHP Mike Wilkinson
|
Batting: LHB Mike Hawk
|
0-0: Called Strike 0-1: Ball 1-1: Ground out 4-3 (Groundball, 4, EV 78.1 MPH)
|
Batting: LHB Jean-Claude Vanbiesbrouck
|
0-0: Ball 1-0: Ball 2-0: Ball 3-0: Base on Balls
|
Pitching: RHP Justin Todorovich
|
|
Batting: RHB Juan Gonzalez
|
0-0: Ball 1-0: Ball Jean-Claude Vanbiesbrouck steals 2nd base 2-0: Ground out 6-3 (Groundball, 6, EV 96.2 MPH)
|
Batting: RHB Nick Maxwell
|
0-0: Ball 1-0: Foul Ball, location: 2F 1-1: Ground out 6-3 (Groundball, 6D, EV 101.2 MPH)
|
Bottom of the 5th over - 0 runs, 0 hits, 0 errors, 1 left on base; Chester 14 - York 3 |
TOP OF THE 6TH |
Chester Pirates batting - Pitching for York Revolution : RHP Robert Chauvel
|
Batting: RHB Edwardo Tanchez
|
0-0: Called Strike 0-1: Foul Ball, location: 2F 0-2: Ball 1-2: Ball 2-2: Ball 3-2: SOLO HOME RUN (Line Drive, 7D, EV 105.6 MPH), Distance : 404 ft
|
Batting: RHB Zach Chmieleski
|
0-0: Ball 1-0: Foul Ball, location: 2F 1-1: SINGLE (Groundball, 3D, EV 96.2 MPH)
|
Batting: SHB Mike Corley
|
0-0: Ball 1-0: Called Strike 1-1: Foul Ball, location: 2F 1-2: Ball 2-2: Foul Ball, location: 2F 2-2: Foul Ball, location: 2F 2-2: Ball 3-2: Strikes out looking
|
Batting: RHB Jason Rhodes
|
0-0: Grounds into double play, 6-4-3 (Groundball, 56, EV 81.9 MPH)
|
Top of the 6th over - 1 run, 2 hits, 0 errors, 0 left on base; Chester 15 - York 3 |
BOTTOM OF THE 6TH |
York Revolution batting - Pitching for Chester Pirates : RHP Justin Todorovich
|
Batting: RHB Dan Shaffer
|
0-0: Foul Ball, location: 2F 0-1: Swinging Strike 0-2: Ball 1-2: Strikes out swinging
|
Batting: LHB Quincy Smart
|
0-0: SINGLE (Line Drive, 8LS, EV 103.1 MPH)
|
Batting: RHB Jose Hurtado
|
0-0: Foul Ball, location: 2F 0-1: Called Strike 0-2: Ball 1-2: Strikes out swinging
|
Batting: LHB Ryan Young
|
0-0: Hit by Pitch Quincy Smart to second
|
Batting: LHB Jason Duda
|
0-0: Swinging Strike 0-1: Foul Ball, location: 2F 0-2: Foul Ball, location: 2F 0-2: Ball 1-2: SINGLE (Groundball, 4D, EV 100.0 MPH) Quincy Smart to third Ryan Young to second Runner from 3rd tries for Home, SAFE, throw by CF to home
|
Batting: LHB Mike Hawk
|
0-0: Foul Ball, location: 2F 0-1: Foul Ball, location: 2F 0-2: Strikes out looking
|
Bottom of the 6th over - 1 run, 2 hits, 0 errors, 2 left on base; Chester 15 - York 4 |
TOP OF THE 7TH |
Chester Pirates batting - Pitching for York Revolution : RHP Robert Chauvel
|
Pinch Hitting: SHB Thad Shearing
|
0-0: Called Strike 0-1: Called Strike 0-2: Foul Ball, location: 2F 0-2: Ball 1-2: Ball 2-2: Fly out, F8 (Flyball, 8LM, EV 88.8 MPH)
|
Batting: LHB Tommie Benefield
|
0-0: Swinging Strike 0-1: Called Strike 0-2: Ball 1-2: Strikes out looking
|
Batting: RHB Joe Stepnowski
|
0-0: Ball 1-0: Foul Ball, location: 2F 1-1: Called Strike 1-2: Ball 2-2: Fly out, F8 (Flyball, 89D, EV 78.1 MPH)
|
Top of the 7th over - 0 runs, 0 hits, 0 errors, 0 left on base; Chester 15 - York 4 |
BOTTOM OF THE 7TH |
York Revolution batting - Pitching for Chester Pirates : RHP Justin Todorovich
|
Now at SS: Jason Rhodes
|
|
Now in LF: Ryan Thurston
|
|
Batting: LHB Jean-Claude Vanbiesbrouck
|
0-0: Ball 1-0: Called Strike 1-1: Called Strike 1-2: Foul Ball, location: 2F 1-2: Ball 2-2: Strikes out swinging
|
Batting: RHB Juan Gonzalez
|
0-0: SOLO HOME RUN (Flyball, 78XD, EV 107.5 MPH), Distance : 426 ft
|
Batting: RHB Nick Maxwell
|
0-0: Ball 1-0: Ball 2-0: Ball 3-0: Called Strike 3-1: Base on Balls
|
Batting: RHB Dan Shaffer
|
0-0: Swinging Strike 0-1: Fly out, F8 (Flyball, 8RS, EV 87.5 MPH)
|
Batting: LHB Quincy Smart
|
0-0: Ball 1-0: Called Strike 1-1: Fly out, F8 (Flyball, 8RXD, EV 95.0 MPH)
|
Bottom of the 7th over - 1 run, 1 hit, 0 errors, 1 left on base; Chester 15 - York 5 |
TOP OF THE 8TH |
Chester Pirates batting - Pitching for York Revolution : RHP Robert Chauvel
|
Pinch Hitting: RHB Matt Derrien
|
0-0: Ball 1-0: Called Strike 1-1: Swinging Strike 1-2: Strikes out swinging, 2-3 out at first.
|
Batting: RHB Mike Weeks
|
0-0: Fly out, F9 (Line Drive, 9, EV 96.9 MPH)
|
Batting: RHB Edwardo Tanchez
|
0-0: Foul Ball, location: 2F 0-1: Ball 1-1: Ball 2-1: Ball 3-1: Ground out 3-1 (Groundball, 34S, EV 60.6 MPH)
|
Top of the 8th over - 0 runs, 0 hits, 0 errors, 0 left on base; Chester 15 - York 5 |
BOTTOM OF THE 8TH |
York Revolution batting - Pitching for Chester Pirates : RHP Justin Todorovich
|
Now at 3B: Rafael Galicia
|
|
Pinch Hitting: SHB Sam Fredrick
|
0-0: Ball 1-0: Called Strike 1-1: Ball 2-1: Ball 3-1: Foul Ball, location: 2F 3-2: Base on Balls
|
Pitching: RHP Matt D'Alessandro
|
|
Pinch Hitting: LHB Jessie Whedbee
|
0-0: Ball 1-0: Ball 2-0: Called Strike 2-1: Ball 3-1: SINGLE (Groundball, 4MD, EV 110.6 MPH) Sam Fredrick to second
|
Batting: LHB Jason Duda
|
0-0: Ball 1-0: Ball 2-0: Foul Ball, location: 2F 2-1: Ball 3-1: SINGLE (Line Drive, 89S, EV 96.2 MPH) Sam Fredrick to third Jessie Whedbee to second
|
Pinch Hitting: RHB Eddie Serna
|
0-0: Ball 1-0: Called Strike 1-1: Foul Ball, location: 2F 1-2: Fielders Choice at 2nd, 5-4 (Groundball, 56, EV 95.6 MPH) Sam Fredrick scores Jessie Whedbee to third
|
Batting: LHB Jean-Claude Vanbiesbrouck
|
0-0: Called Strike 0-1: Ball 1-1: Swinging Strike 1-2: Ball 2-2: Strikes out swinging
|
Pinch Hitting: LHB Dennis French
|
0-0: Ground out U3 (Groundball, 3, EV 85.6 MPH)
|
Bottom of the 8th over - 1 run, 2 hits, 0 errors, 2 left on base; Chester 15 - York 6 |
TOP OF THE 9TH |
Chester Pirates batting - Pitching for York Revolution : RHP Robert Chauvel
|
Pitching: LHP Chad Torres
|
|
Now at 3B: Nick Maxwell
|
|
Now at SS: Eddie Serna
|
|
Now in LF: Jessie Whedbee
|
|
Now in CF: Steve Kirby
|
|
Now in RF: Dennis French
|
|
Pinch Hitting: LHB Damien Cohen
|
0-0: DOUBLE (Line Drive, 9LM, EV 110.6 MPH)
|
Batting: SHB Mike Corley
|
0-0: Ball 1-0: Swinging Strike 1-1: Ball 2-1: Ball 3-1: SINGLE (Groundball, 5S, EV 63.8 MPH) (infield hit) Damien Cohen to third
|
Batting: RHB Jason Rhodes
|
0-0: SINGLE (Line Drive, 89S, EV 99.4 MPH) Damien Cohen scores Mike Corley to second Runner from 2nd tries for 3rd, OUT! 9-5
|
Pinch Hitting: RHB Dustin Hamblin
|
0-0: SINGLE (Groundball, 4, EV 96.9 MPH) Jason Rhodes to second Throwing error, E8 Jason Rhodes scores Dustin Hamblin to second
|
Batting: LHB Tommie Benefield
|
0-0: Ball 1-0: Fly out, F6 (Line Drive, 6M, EV 68.8 MPH)
|
Pinch Hitting: RHB Oscar Mora
|
0-0: Ball 1-0: Ground out 6-3 (Groundball, 56D, EV 90.0 MPH)
|
Top of the 9th over - 2 runs, 4 hits, 1 error, 1 left on base; Chester 17 - York 6 |
BOTTOM OF THE 9TH |
York Revolution batting - Pitching for Chester Pirates : RHP Matt D'Alessandro
|
Now at C: Bob Buckler
|
|
Now at 1B: Damien Cohen
|
|
Now in LF: Tommie Benefield
|
|
Now in RF: Dustin Hamblin
|
|
Batting: RHB Nick Maxwell
|
0-0: DOUBLE (Flyball, 78XD, EV 89.4 MPH)
|
Pitching: RHP Justin Rousell
|
|
Batting: RHB Teh-huai Jiang
|
0-0: Ball 1-0: Called Strike 1-1: Ball 2-1: Ground out 5-3 (Groundball, 56, EV 106.9 MPH)
|
Pinch Hitting: RHB Frank Ramirez
|
0-0: Foul Ball, location: 2F 0-1: Ball 1-1: Ball 2-1: Foul Ball, location: 2F 2-2: Foul Ball, location: 2F 2-2: Ball 3-2: Foul Ball, location: 2F 3-2: Foul Ball, location: 2F 3-2: Base on Balls
|
Batting: RHB Steve Kirby
|
0-0: Ball 1-0: Ball 2-0: Called Strike 2-1: Foul Ball, location: 2F 2-2: Strikes out swinging
|
Batting: LHB Jessie Whedbee
|
0-0: Fly out, F6 (Popup, 6MS, EV 81.2 MPH)
|
Bottom of the 9th over - 0 runs, 1 hit, 0 errors, 2 left on base; Chester 17 - York 6 |
|